 Dungeon Crawl Stone Soup version 0.30-a0-457-g4b7bca3bfa (webtiles) character file.

Game seed: 9949762730770796568

61 Nattfarinn the Magician (level 4, 0/34 HPs)
             Began as a Djinni Venom Mage on Dec 13, 2022.
             Slain by an orc priest
             ... wielding a +0 hand axe
              (6 damage)
             ... on level 3 of the Dungeon.
             The game lasted 00:03:09 (1683 turns).

Nattfarinn the Magician (Djinni Venom Mage)         Turns: 1683, Time: 00:03:09

Health: 0/34       AC:  4    Str:  7    XL:     4   Next: 27%
Gold:   100        EV: 12    Int: 18    God:
                   SH:  0    Dex: 14

rFire   + + .      SeeInvis .    i - +1 short sword (speed)
rCold   x . .      Faith    .    (no shield)
rNeg    . . .      Spirit   .    a - +0 robe
rPois   ∞          Reflect  .    (no helmet)
rElec   .          Harm     .    g - +0 cloak
rCorr   .          Rampage  .    p - +0 pair of gloves
Will    .....                    (boots unavailable)
Stlth   ++........               (no amulet)
HPRegen 0.25/turn                (no ring)
MPRegen 0.00/turn                (no ring)

@: flying
A: sickness immunity, fire resistance 2, cold vulnerability 1, float, innate
caster, HP casting, extra vitality 1
a: no special abilities


You were on level 3 of the Dungeon.
You visited 1 branch of the dungeon, and saw 3 of its levels.

You collected 100 gold pieces.

Inventory:

Hand Weapons
 d - a +0 mace
 i - a +1 short sword of speed (weapon)
Missiles
 j - 4 silver javelins
Armour
 a - a +0 robe (worn)
 g - a +0 cloak (worn)
 p - a +0 pair of gloves (worn)
Jewellery
 q - a +6 ring of strength
 r - a +4 ring of evasion
Scrolls
 e - a scroll of poison {unknown}
 h - 2 scrolls of amnesia {unknown}
 k - 2 scrolls of identify {unknown}
 l - a scroll of torment {unknown}
 m - a scroll of brand weapon {unknown}
Potions
 b - a potion of heal wounds
 c - a potion of curing {unknown}
 f - 2 potions of degeneration {unknown}
 n - 2 potions of haste {unknown}
 o - a potion of flight {unknown}


   Skills:
 * Level 2.8 Fighting
 - Level 2.1 Dodging
 - Level 1.5 Stealth
 + Level 2.9 Spellcasting


You couldn't memorise any spells.
You knew the following spells:

 Your Spells              Type           Power      Damage    Failure   Level
a - Sting                 Tmut/Pois      52%        1d5       4%          1
b - Poisonous Vapours     Pois/Air       26%        N/A       8%          2
c - Mephitic Cloud        Conj/Pois/Air  13%        N/A       16%         3
d - Olgreb's Toxic Radia  Pois           13%        N/A       45%         4
e - Slow                  Hex            52%        N/A       4%          1
Your spell library was empty.

Dungeon Overview and Level Annotations

Branches:
Dungeon (3/15)

Altars:

Shops:
D:2 (


Innate Abilities, Weirdness & Mutations

You are immune to sickness and miasma.
You are immune to poison.
Your flesh is very heat resistant. (rF++)
You are vulnerable to cold. (rC-)
You float through the air rather than walking.
You learn spells naturally, not from books.
Your magical power is your life essence.
You have superior vitality. (+4 MHP)


Message History

Confirm with . or Enter, or press ? or * to list all spells.
You don't have enough health to cast this spell.
It was a potion of heal wounds.
You feel much better.
The orc priest drinks a potion.
The orc priest seems to grow stronger.
The orc priest misses you. The quokka closely misses you.
You barely miss the orc priest.
The orc priest is heavily wounded.
The orc priest hits you with a +0 hand axe!
You hit the orc priest.
The orc priest is heavily wounded.
The quokka bites you. The orc priest completely misses you.
Unknown command.
You closely miss the orc priest.
The orc priest is heavily wounded.
The quokka bites you but does no damage.
Unknown command.
You barely miss the orc priest.
The orc priest is heavily wounded.
The orc priest looks encouraged for a moment.
The quokka barely misses you.
Unknown command.
You hit the orc priest.
The orc priest is severely wounded.
The orc priest hits you with a +0 hand axe.
The quokka bites you but does no damage.
Unknown command.
You barely miss the orc priest.
The orc priest is severely wounded.
Unknown command.
You closely miss the orc priest.
The orc priest is severely wounded.
The quokka barely misses you.
The orc priest hits you with a +0 hand axe!
* * * LOW HITPOINT WARNING * * *
Unknown command.
You hit the orc priest but do no damage.
The orc priest is almost dead.
The quokka bites you but does no damage.
The orc priest hits you with a +0 hand axe.
You die...

#.#
######.....#######
##.##### ##...## #
#......# ##.## #
#..###.# #+# #
#..# #.# #
#..###.# #
#....#.# ##
##......## ####.
......r@.+ +....
###...#o#......
####.
#...#....<... ##
.....#..#...?. #
#.#.# ..###....
#.#. .## #..+ . .
... #.


You could see an orc priest (strong, poisoned) and a quokka.

Vanquished Creatures
  2 adders
  2 orcs (D:3)
  3 bats
  5 endoplasms
  2 giant cockroaches (D:2)
  5 goblins
  2 hobgoblins
  2 jackals (D:1)
  3 ball pythons
  A frilled lizard (D:1)
  5 kobolds
  7 rats
39 creatures vanquished.

Vanquished Creatures (others)
  3 fungi (D:2)
  3 plants (D:2)
6 creatures vanquished.

Grand Total: 45 creatures vanquished

Notes
Turn   | Place    | Note
-------+----------+-------------------------------------------
     0 | D:1      | Nattfarinn the Djinni Venom Mage began the quest for the
                  | Orb.
     0 | D:1      | Nattfarinn set off with the following spells memorised:
                  | Sting, Poisonous Vapours, Mephitic Cloud, Olgreb's Toxic
                  | Radiance.
     0 | D:1      | Reached XP level 1. HP: 15/15 MP: 0/0
   190 | D:1      | Reached skill level 1 in Fighting
   190 | D:1      | Reached XP level 2. HP: 18/22 MP: 0/0
   761 | D:2      | Found Soygaelo's Antique Weapon Emporium.
   770 | D:2      | Reached XP level 3. HP: 24/28 MP: 0/0
   770 | D:2      | Learned a level 1 spell: Slow
  1258 | D:2      | Found a faded altar of an unknown god.
  1573 | D:3      | Reached XP level 4. HP: 25/34 MP: 0/0
  1683 | D:3      | Slain by an orc priest

Illustrated notes

Levels and vault maps discovered:
D:1:      onia_arrival_mini_spirals, layout_basic, minmay_pentomino_q4
D:2:      layout_loops_cross, serial_shops, nicolae_shop_overgrown_old_shop,
          dreamdust_ecumenical_altar_grove, kennysheep_doodads
D:3:      layout_loops_corners, tso_oasis_becter

Skill      XL: |  1  2  3 |
---------------+----------+-----
Fighting       | 1 2 |  2.8
Dodging        | |  2.1
Stealth        | |  1.5
Spellcasting   | |  2.9

Action                   |  1- 3 |  4- 6 || total
-------------------------+-------+-------++-------
Melee: Mace              |     1 |       ||     1
       Short sword       |     4 |     8 ||    12
 Cast: Sting             |    74 |     8 ||    82
  Use: Potion            |       |     1 ||     1
Armor: Robe              |     6 |     4 ||    10
Dodge: Dodged            |    13 |     7 ||    20

Table legend: (Time is in decaauts)
 A = Elapsed time spent in this place.
 B = Non-inter-level travel time spent in this place.
 C = Inter-level travel time spent in this place.
 D = Time resting spent in this place.
 E = Time spent auto-exploring this place.
 F = Levels seen in this place.
 G = Mean time per level.
                   A        B        C        D        E       F      G
               +--------+--------+--------+--------+--------+-----+--------+
         Total |   1678 |   1573 |    105 |     16 |   1317 |   3 |  559.3 |
       Dungeon |   1678 |   1573 |    105 |     16 |   1317 |   3 |  559.3 |
               +--------+--------+--------+--------+--------+-----+--------+

Top non-repeatable levels by time:
     D:2: 785 daAuts
     D:1: 750 daAuts
     D:3: 142 daAuts
